 Dungeon Sprint DCSS version 0.30-a0-719-gcc4359ea44 (webtiles) character file.

Game seed: 13729280841859976027

4858 BigDaddyOpFi the Fighter (level 10, -6/142 HPs)
             Began as a Demonspawn Fighter on Jan 26, 2023.
             Was a Believer of Jiyva.
             Mangled by a demonic crawler (12 damage)
             ... in the Dungeon (Sprint VII: "The Pits").
             The game lasted 00:02:54 (1046 turns).

BigDaddyOpFi the Fighter (Demonspawn Fighter)       Turns: 1046, Time: 00:02:54

Health: -6/142     AC: 23    Str: 24    XL:     10   Next: 25%
Magic:  10/10      EV: 10    Int:  9    God:    Jiyva [**....]
Gold:   0          SH:  7    Dex: 13    Spells: 9/9 levels left

rFire   . . .      SeeInvis .    s - +1 broad axe (heavy)
rCold   . . .      Faith    .    c - +0 buckler
rNeg    . . .      Spirit   .    p - +3 plate armour
rPois   .          Reflect  .    (helmet unavailable)
rElec   .          Harm     .    (no cloak)
rCorr   +          Rampage  .    q - +0 pair of gloves
Will    .....      NoTele   +    r - +0 pair of boots Stlth
                                 (no amulet)
HPRegen 1.39/turn                d - +3 ring of evasion
MPRegen 0.42/turn                m - +3 ring of strength

@: berserking, hasted, very quick
A: horns 3, rugged brown scales 2, ignite blood 1, demonic magic 1
a: Renounce Religion


You were in the Dungeon.
You worshipped Jiyva.
Jiyva was pleased with you.
You visited 1 branch

Inventory:

Hand Weapons
 s - a +1 heavy broad axe (weapon)
Armour
 c - a +0 buckler (worn)
 p - a +3 plate armour (worn)
 q - a +0 pair of gloves (worn)
 r - a +0 pair of boots (worn)
Jewellery
 d - a +3 ring of evasion (left hand)
 m - a +3 ring of strength (right hand)
Scrolls
 j - a scroll of blinking
Potions
 a - 2 potions of attraction {unknown}
 b - a potion of flight {unknown}
 e - 8 potions of curing
 f - a potion of heal wounds
 h - 4 potions of magic
 i - 4 potions of berserk rage
 k - 2 potions of invisibility
 n - a potion of brilliance
 o - 2 potions of might


   Skills:
 + Level 12.7 Fighting
 + Level 11.5 Axes
 + Level 11.7 Armour
 + Level 11.7 Shields


You had 9 spell levels left.
You didn't know any spells.
Your spell library was empty.

Dungeon Overview and Level Annotations

Branches:
Dungeon (1/1)

Altars:
Ashenzari
Cheibriados
Dithmenos
Fedhas
Gozag
Hepliaklqana
Kikubaaqudgha
Makhleb
Nemelex Xobeh
Okawaru
Qazlal
Ru
Sif Muna
Trog
Uskayaw
Vehumet
Wu Jian
Xom
Yredelemnul
Jiyva
Lugonu


Innate Abilities, Weirdness & Mutations

You have a pair of large horns on your head.
You are mostly covered in rugged brown scales. (AC +2, +5% HP)
Your demonic aura sometimes causes spilled blood to erupt in flames.
Spells you cast may paralyse adjacent enemies.


Message History

You feel much better.
You feel less confused.
The spriggan defender is engulfed in blazing flames.
The spriggan defender hits you with a +2 flail of protection.
The demonic crawler barely misses you. The demonic crawler hits you.
The demonic crawler hits you but does no damage.
The jumping spider barely misses you. x2
A red film seems to cover your vision as you go berserk!
You feel yourself moving faster!
You feel mighty!
The redback bites you but does no damage.
The spriggan defender is engulfed in blazing flames.
The spriggan defender hits you with a +2 flail of protection.
The demonic crawler hits you. The demonic crawler hits you!
The demonic crawler hits you but does no damage.
The jumping spider barely misses you. The jumping spider bites you.
The web tears apart.
You feel a strong urge to attack something.
The redback bites you.
The spriggan defender is engulfed in blazing flames.
The spriggan defender hits you with a +2 flail of protection!
* * * LOW HITPOINT WARNING * * *
The blink frog blinks!
The demonic crawler barely misses you.
The demonic crawler hits you but does no damage. x2
You slice the spriggan defender!!
The spriggan defender is heavily wounded.
You closely miss the redback. You slash the demonic crawler!
You barely miss the jumping spider.
The jumping spider pounces on you but does no damage.
You block the jumping spider's attack.
The redback is engulfed in blazing flames.
You kill the redback!
The spriggan defender is engulfed in blazing flames.
The spriggan defender hits you with a +2 flail of protection!!
* * * LOW HITPOINT WARNING * * *
The blink frog blinks!
The jumping spider pounces on you!
* * * LOW HITPOINT WARNING * * *
The jumping spider bites you but does no damage.
The demonic crawler hits you but does no damage.
You block the demonic crawler's attack. The demonic crawler hits you!
You die...

#)'### #######
#....##..+...#
#...##...#..#
#..##...##..#
#..#.[.##...+
#..'..##....### ##
#.##..#.G.....### ..#
###...'........s## W..#
#....#....####i@##.§..#+
#..#..##..##..##○ssF....#
#.###†.##.')†..+s.#..F...
## ##..#.##..##G.# .....
+..'..####...## ..##
#..##.........# ##
###############


You could see a spriggan defender, a demonic crawler, 2 blink frogs, a jumping
spider, a tarantella, a redback and a neutral floating eye (wandering) (fellow
slime).

Vanquished Creatures
  A death yak (D)
  A sea snake (D)
  A deep elf zephyrmancer (D)
  2 black mambas (D)
  An unseen horror (D)
  Psyche (D)
  Prince Ribbit (D)
  A jumping spider (D)
  A spriggan (D)
  A wraith (D)
  7 yaks (D)
  A redback (D)
  A steam dragon (D)
  A warg (D)
  Duvessa (D)
  A kobold brigand (D)
  Dowan (D)
  2 killer bees (D)
  Crazy Yiuf (D)
  A hound (D)
  An iguana (D)
  Jessica (D)
  A river rat (D)
  An ufetubus (D)
  A worm (D)
  An orc (D)
  An endoplasm (D)
  2 giant cockroaches (D)
  A goblin (D)
38 creatures vanquished.

Vanquished Creatures (others)
  2 acid blobs (D)
  An azure jelly (D)
  2 great orbs of eyes (D)
  A spriggan berserker (D)
  A hell knight (D)
  2 floating eyes (D)
  A killer bee (D)
  14 jellies (D)
  A river rat (D)
  A bat skeleton (D)
  An endoplasm (D)
  A giant cockroach (D)
  A kobold (D)
  A quokka (D)
  A rat (D)
31 creatures vanquished.

Grand Total: 69 creatures vanquished

Notes
Turn   | Place    | Note
-------+----------+-------------------------------------------
     0 | D        | BigDaddyOpFi the Demonspawn Fighter began the quest for the
                  | Orb.
     0 | D        | Reached XP level 1. HP: 18/18 MP: 1/1
    17 | D        | Found a bloodstained altar of Trog.
    17 | D        | Found a shimmering blue altar of Sif Muna.
    17 | D        | Found a viscous altar of Jiyva.
    17 | D        | Found a hazy altar of Hepliaklqana.
    17 | D        | Found an opulent altar of Gozag.
    18 | D        | Found a basalt altar of Yredelemnul.
    18 | D        | Found a shimmering altar of Xom.
    18 | D        | Found an ornate altar of the Wu Jian Council.
    18 | D        | Found a sacrificial altar of Ru.
    18 | D        | Found a stormy altar of Qazlal.
    18 | D        | Found an iron altar of Okawaru.
    18 | D        | Found a sparkling altar of Nemelex Xobeh.
    18 | D        | Found a burning altar of Makhleb.
    18 | D        | Found a blossoming altar of Fedhas.
    18 | D        | Found a shadowy altar of Dithmenos.
    18 | D        | Found a snail-covered altar of Cheibriados.
    19 | D        | Found a radiant altar of Vehumet.
    19 | D        | Found a corrupted altar of Lugonu.
    20 | D        | Found a hide-covered altar of Uskayaw.
    20 | D        | Found an ancient bone altar of Kikubaaqudgha.
    20 | D        | Found a broken altar of Ashenzari.
    42 | D        | Became a worshipper of Jiyva Jitarhod the Shapeless
    43 | D        | Killed a floating eye
    44 | D        | Killed a spriggan berserker
    44 | D        | Killed a great orb of eyes
    47 | D        | Killed an acid blob
    50 | D        | Killed a hell knight
    52 | D        | Killed an azure jelly
    59 | D        | Killed a floating eye
    76 | D        | Killed a great orb of eyes
    78 | D        | Gained mutation: Spells you cast may paralyse adjacent
                  | enemies. [demonic ancestry]
    78 | D        | Reached XP level 2. HP: 14/25 MP: 2/2
    78 | D        | Killed an acid blob
   279 | D        | Noticed a floating eye
   445 | D        | Noticed Jessica
   446 | D        | Noticed a warg
   446 | D        | Noticed a kobold brigand
   447 | D        | Noticed Crazy Yiuf
   457 | D        | Killed a warg
   458 | D        | Reached skill level 5 in Fighting
   458 | D        | Reached skill level 5 in Armour
   458 | D        | Reached skill level 5 in Shields
   458 | D        | Gained mutation: You have a pair of small horns on your
                  | head. [demonic ancestry]
   458 | D        | Reached XP level 3. HP: 34/34 MP: 3/3
   458 | D        | Reached XP level 4. HP: 40/40 MP: 4/4
   461 | D        | Killed Crazy Yiuf
   462 | D        | Reached skill level 6 in Fighting
   462 | D        | Reached skill level 5 in Axes
   462 | D        | Reached XP level 5. HP: 46/46 MP: 5/5
   467 | D        | Killed Jessica
   472 | D        | Reached * piety under Jiyva
   528 | D        | Noticed a deep elf zephyrmancer
   540 | D        | Killed a deep elf zephyrmancer
   541 | D        | Reached skill level 8 in Fighting
   541 | D        | Gained mutation: You have a pair of horns on your head.
                  | [demonic ancestry]
   541 | D        | Reached XP level 6. HP: 50/57 MP: 6/6
   541 | D        | Gained mutation: You have a pair of large horns on your
                  | head. [demonic ancestry]
   541 | D        | Reached XP level 7. HP: 56/63 MP: 7/7
   648 | D        | Noticed Prince Ribbit
   658 | D        | Killed Prince Ribbit
   659 | D        | Reached skill level 9 in Fighting
   701 | D        | Noticed a black mamba
   707 | D        | Killed a black mamba
   708 | D        | Gained mutation: Your demonic aura sometimes causes spilled
                  | blood to erupt in flames. [demonic ancestry]
   708 | D        | Reached XP level 8. HP: 58/72 MP: 8/8
   855 | D        | Noticed Duvessa
   855 | D        | Noticed Dowan
   856 | D        | Noticed a black mamba
   863 | D        | Reached skill level 10 in Fighting
   863 | D        | Killed a black mamba
   865 | D        | Killed Dowan
   866 | D        | Gained mutation: You are partially covered in rugged brown
                  | scales. (AC +1, +3% HP) [demonic ancestry]
   866 | D        | Reached XP level 9. HP: 54/81 MP: 9/9
   867 | D        | Reached skill level 10 in Armour
   867 | D        | Reached skill level 10 in Shields
   867 | D        | Killed Duvessa
   868 | D        | Reached skill level 11 in Fighting
   868 | D        | Reached ** piety under Jiyva
   900 | D        | Noticed a sea snake
   903 | D        | Killed a sea snake
   904 | D        | Reached skill level 10 in Axes
   907 | D        | Killed an unseen horror
   908 | D        | Noticed a death yak
   914 | D        | Killed a death yak
   915 | D        | Reached skill level 12 in Fighting
   931 | D        | Gained mutation: You are mostly covered in rugged brown
                  | scales. (AC +2, +5% HP) [demonic ancestry]
   931 | D        | Reached XP level 10. HP: 84/93 MP: 10/10
   937 | D        | Noticed Psyche
   960 | D        | Killed Psyche
  1025 | D        | Noticed a demonic crawler
  1030 | D        | Noticed a phantasmal warrior
  1033 | D        | Noticed a spriggan defender
  1046 | D        | HP: 6/142 [jumping spider (9)]
  1046 | D        | Mangled by a demonic crawler

Illustrated notes

Levels and vault maps discovered:
D:        pitsprint [storerooms_1, entrance_room_1, metal_vault_7, armoury_1,
          mini_pit_1, grid_room_1, main_hall_1, silver_pit, the_coven_1,
          the_vestibule_1, steel_vault_2, golden_pit, hallway_of_sentries,
          crystal_vault_6, iron_vault_5, final_vault]

Skill      XL: |  1  2  3  4  5  6  7  8  9 |
---------------+----------------------------+-----
Axes           | 2 4 5 7 8 9 11 | 11.5
Armour         | 3 5 7 8 9 11 | 11.7
Shields        | 3 5 7 8 9 11 | 11.7
Fighting       | 5 6 8 9 10 12 | 12.7

Action                     |  1- 3 |  4- 6 |  7- 9 | 10-12 || total
---------------------------+-------+-------+-------+-------++-------
  Melee: War axe           |    32 |    24 |    13 |       ||    69
         Headbutt          |       |     6 |    10 |     3 ||    19
         Broad axe         |       |       |    24 |    36 ||    60
    Use: Potion            |     4 |       |     1 |     6 ||    11
 Armour: Scale mail        |     6 |       |       |       ||     6
         Plate armour      |     4 |    16 |    35 |    77 ||   132
  Dodge: Dodged            |    11 |     6 |    27 |    38 ||    82
  Block: Buckler           |     8 |     7 |    19 |     8 ||    42

Table legend: (Time is in decaauts)
 A = Elapsed time spent in this place.
 B = Non-inter-level travel time spent in this place.
 C = Inter-level travel time spent in this place.
 D = Time resting spent in this place.
 E = Time spent auto-exploring this place.
 F = Levels seen in this place.
 G = Mean time per level.
                   A        B        C        D        E       F      G
               +--------+--------+--------+--------+--------+-----+--------+
         Total |   1111 |   1061 |     50 |    571 |      0 |   1 | 1111.0 |
       Dungeon |   1111 |   1061 |     50 |    571 |      0 |   1 | 1111.0 |
               +--------+--------+--------+--------+--------+-----+--------+

Top non-repeatable levels by time:
       D: 1111 daAuts
